 Dungeon Sprint DCSS version 0.21-a0-104-g7b58145 (webtiles) character file.

1586 Kidiri the Thaumaturge (level 8, -15/71 HPs)
             Began as a Purple Draconian Transmuter on July 5, 2017.
             Was an Elder of Wu Jian.
             Demolished by an ice devil (19 damage)
             ... in the Dungeon (Sprint VII: "The Pits").
             The game lasted 00:04:02 (956 turns).

Kidiri the Thaumaturge (Purple Draconian Transmuter) Turns: 956, Time: 00:04:04

Health: -15/71     AC:  6    Str: 13    XL:     8   Next: 61%
Magic:  16/21      EV: 14    Int: 15    God:    Wu Jian [****..]
Gold:   0          SH:  0    Dex: 12    Spells: 10/25 levels left

rFire    . . .     SeeInvis .     - Unarmed
rCold    . . .     Gourm    .   (shield currently unavailable)
rNeg     . . .     Faith    .   (armour unavailable)
rPois    .         Spirit   .   (helmet restricted)
rElec    .         Reflect  .   (no cloak)
rCorr    .         Harm     .   (gloves currently unavailable)
MR       +....     NoTele   +   (no boots)
Stlth    ++........             (no amulet)
HPRegen  0.21/turn              (no ring)
MPRegen  0.17/turn              (no ring)

@: exhausted, liquid flames, blade hands, slowed, glowing, heavenly storm, very
slow
A: breathe power, unfitting armour, cold-blooded, AC +6
a: Breathe Dispelling Energy, End Transformation, Serpent's Lash, Renounce
Religion


You were in the Dungeon.
You worshipped Wu Jian.
Wu Jian was greatly pleased with you.
You were hungry.
You had blades for hands.
You visited 1 branch

Inventory:

Missiles
 a - 12 arrows
Scrolls
 i - a scroll of blinking
 k - 3 scrolls of remove curse
 l - 5 scrolls of amnesia
 m - a scroll of summoning
Potions
 d - 6 potions of curing
 e - 5 potions of heal wounds
 f - a potion of haste
 g - 4 potions of magic
 h - 3 potions of berserk rage
 j - 2 potions of invisibility
Books
 b - a book of Changes

   Spells                             Type                      Level
   a - Beastly Appendage              Transmutation                1
   b - Sticks to Snakes               Transmutation                2
   c - Spider Form                    Transmutation/Poison         3
   d - Ice Form                       Ice/Transmutation            4
   e - Blade Hands                    Transmutation                5
Comestibles
 c - 8 bread rations
 n - 40 fruits
 o - 7 meat rations
 p - 4 chunks of flesh


   Skills:
 + Level 6.5 Fighting
 + Level 5.5 Dodging
 * Level 8.0 Stealth
 * Level 8.6 Unarmed Combat
 * Level 9.3 Spellcasting
 * Level 8.4 Transmutations
 + Level 4.7 Ice Magic
 + Level 4.7 Poison Magic


You had 10 spell levels left.
You knew the following spells:

 Your Spells              Type           Power        Failure   Level  Hunger
a - Beastly Appendage     Tmut           ####..       10%         1    None
b - Sticks to Snakes      Tmut           ####....     12%         2    None
c - Spider Form           Tmut/Pois      ####......   21%         3    #......
d - Ice Form              Ice/Tmut       ####....     38%         4    ###....
e - Blade Hands           Tmut           ####......   43%         5    #####..


Dungeon Overview and Level Annotations

Branches:
Dungeon (1/1)

Altars:
Ashenzari
Cheibriados
Dithmenos
Elyvilon
Fedhas
Gozag
Hepliaklqana
Kikubaaqudgha
Makhleb
Nemelex Xobeh
Okawaru
Qazlal
Ru
Sif Muna
Trog
Uskayaw
Vehumet
Wu Jian
Xom
Yredelemnul
Zin
The Shining One
Beogh
Jiyva
Lugonu


Innate Abilities, Weirdness & Mutations

You can breathe bolts of dispelling energy.
Your rich purple scales are hard. (AC +6)
You cannot fit into any form of body armour.
You are cold-blooded and may be slowed by cold attacks.


Message History

You spin and attack the ice devil.
You slash the ice devil!
The ice devil is moderately wounded.
You are covered in liquid flames!
The ice devil hits you. The ice devil freezes you!
Unknown command.
You attack the ice devil from above.
You hit the ice devil but do no damage.
The ice devil is moderately wounded.
You are covered in liquid flames!
* * * LOW HITPOINT WARNING * * *
The ice devil misses you.
You see here a worm corpse.
Unknown command.
You spin and attack the ice devil.
You completely miss the ice devil.
The ice devil is moderately wounded.
You are covered in liquid flames!
* * * LOW HITPOINT WARNING * * *
The ice devil hits you!
* * * LOW HITPOINT WARNING * * *
The ice devil freezes you!!
You feel yourself slow down.
You die...

#)#........##.......#
#.#..÷.....##.......#
#.#####+#####...<...#
#.#..[)))..##.......#
#.#..[)))..##.......#
#'###########.......#
#..)....#..##########
#..[#...#.######
#.[.#...#)#§§@§#
#.##.##.#+#§§4§#
#...#...#§§§§§§+
#...#...#+#§§§§#
#.......'.#§§§§#
################


You could see an ice devil.

Vanquished Creatures
  Pikel (D)
  A smoke demon (D)
  2 wargs (D)
  A floating eye (D)
  A porcupine (D)
  3 slaves (D)
  A sky beast (D)
  A big kobold (D)
  A bullfrog (D)
  A gnoll sergeant (D)
  A quasit (D)
  An orc wizard (D)
  2 worker ants (D)
  A river rat (D)
  An ooze (D)
  2 worms (D)
  2 orcs (D)
  2 jackals (D)
  A quokka (D)
  2 ball pythons (D)
  A kobold (D)
  A leopard gecko zombie (D)
30 creatures vanquished.

Vanquished Creatures (others)
  A slave (D)
1 creature vanquished.

Grand Total: 31 creatures vanquished

Notes
Turn   | Place    | Note
-------+----------+-------------------------------------------
     0 | D        | Kidiri the Draconian Transmuter began the quest for the Orb.
     0 | D        | Reached XP level 1. HP: 16/16 MP: 3/3
    47 | D        | Found a bloodstained altar of Trog.
    47 | D        | Found a deep blue altar of Sif Muna.
    47 | D        | Found a viscous altar of Jiyva.
    47 | D        | Found a hazy altar of Hepliaklqana.
    47 | D        | Found an opulent altar of Gozag.
    48 | D        | Found a glowing golden altar of the Shining One.
    48 | D        | Found a glowing silver altar of Zin.
    48 | D        | Found a basalt altar of Yredelemnul.
    48 | D        | Found a shimmering altar of Xom.
    48 | D        | Found an ornate altar of the Wu Jian Council.
    48 | D        | Found a sacrificial altar of Ru.
    48 | D        | Found a stormy altar of Qazlal.
    48 | D        | Found an iron altar of Okawaru.
    48 | D        | Found a sparkling altar of Nemelex Xobeh.
    48 | D        | Found a burning altar of Makhleb.
    48 | D        | Found a blossoming altar of Fedhas.
    48 | D        | Found a white marble altar of Elyvilon.
    48 | D        | Found a shadowy altar of Dithmenos.
    48 | D        | Found a snail-covered altar of Cheibriados.
    50 | D        | Found a radiant altar of Vehumet.
    50 | D        | Found a corrupted altar of Lugonu.
    50 | D        | Found a roughly hewn altar of Beogh.
    51 | D        | Found a hide-covered altar of Uskayaw.
    51 | D        | Found an ancient bone altar of Kikubaaqudgha.
    51 | D        | Found a shattered altar of Ashenzari.
    57 | D        | Became a worshipper of the Wu Jian Council
    79 | D        | Reached skill level 1 in Stealth
    81 | D        | Noticed a floating eye
    85 | D        | Killed a floating eye
    85 | D        | Reached skill level 5 in Unarmed Combat
    85 | D        | Reached skill level 4 in Spellcasting
    85 | D        | Reached XP level 2. HP: 26/26 MP: 2/7
    85 | D        | Reached XP level 3. HP: 31/31 MP: 2/8
    85 | D        | Reached XP level 4. HP: 38/38 MP: 2/10
    89 | D        | Reached * piety under Wu Jian
    93 | D        | Learned a level 2 spell: Sticks to Snakes
    97 | D        | Learned a level 3 spell: Spider Form
   102 | D        | Learned a level 4 spell: Ice Form
   315 | D        | Noticed a warg
   318 | D        | Reached ** piety under Wu Jian
   327 | D        | Killed a warg
   327 | D        | Reached skill level 5 in Stealth
   327 | D        | Reached skill level 5 in Spellcasting
   327 | D        | Reached skill level 5 in Transmutations
   327 | D        | Reached XP level 5. HP: 24/46 MP: 8/12
   328 | D        | Reached *** piety under Wu Jian
   476 | D        | Noticed a slave
   514 | D        | Noticed a warg
   515 | D        | Noticed a slave
   515 | D        | Noticed a slave
   515 | D        | Noticed a slave
   516 | D        | Noticed Pikel
   520 | D        | Killed a slave
   522 | D        | Killed a slave
   522 | D        | Reached XP level 6. HP: 41/53 MP: 10/14
   535 | D        | Reached **** piety under Wu Jian
   538 | D        | Killed a slave
   546 | D        | Killed Pikel
   546 | D        | Reached skill level 5 in Fighting
   546 | D        | Reached skill level 6 in Spellcasting
   546 | D        | Your scales start taking on a rich purple colour.
   546 | D        | Reached skill level 8 in Spellcasting
   546 | D        | Reached XP level 7. HP: 41/61 MP: 15/18
   553 | D        | Reached skill level 5 in Dodging
   577 | D        | Learned a level 5 spell: Blade Hands
   897 | D        | Reached XP level 8. HP: 70/70 MP: 13/20
   900 | D        | Reached ***** piety under Wu Jian
   948 | D        | Noticed an ice devil
   948 | D        | Noticed a smoke demon
   954 | D        | Killed a smoke demon
   954 | D        | Reached skill level 9 in Spellcasting
   956 | D        | Demolished by an ice devil

Vault maps used:
D:        pitsprint

Skill      XL: |  1  2  3  4  5  6  7  8 |
---------------+-------------------------+-----
Stealth        | 3 5 6 7 8 |  8.0
Fighting       | 3 4 5 6 |  6.5
Dodging        | 3 4 5 |  5.5
Unarmed Combat | 5 6 7 8 |  8.6
Spellcasting   | 4 5 8 9 |  9.3
Transmutations | 4 5 7 8 |  8.4
Ice Magic      | 2 3 4 |  4.7
Poison Magic   | 2 4 |  4.7

Action                   |  1- 3 |  4- 6 |  7- 9 || total
-------------------------+-------+-------+-------++-------
Melee: Unarmed           |    10 |    65 |    22 ||    97
       Kick              |     6 |       |       ||     6
       Tailslap          |     3 |       |       ||     3
 Cast: Beastly Appendage |     2 |     1 |       ||     3
       Spider Form       |       |     2 |       ||     2
       Ice Form          |       |     2 |     1 ||     3
       Blade Hands       |       |       |     2 ||     2
Invok: Serpent's Lash    |       |       |     1 ||     1
       Heavenly Storm    |       |       |     1 ||     1
  Use: Potion            |       |     1 |       ||     1
 Stab: Sleeping          |       |     1 |     4 ||     5
  Eat: Chunk             |       |       |     1 ||     1
Armor: Skin              |     2 |    13 |       ||    15
Dodge: Dodged            |     5 |    34 |     8 ||    47
